Map: Ulrena

Players

zidar - Winner!

  • Race: Zerg Zerg
  • League: Silver
  • Spawn Location: 11:00

Rezzes

  • Race: Terran Terran
  • League: Gold
  • Spawn Location: 7:00

VOD

Have the link to the VOD?

Description

Time

  • Played on: May 13, 2016, 2:53 p.m.
  • Length: 12:31
Show
View Real Time Build Order
Export as new Build Order

zidar Zerg - Winner!

Build Orders: Pool First 

Get SALT Encoding   

  12  0:02  Drone  
  13  0:12  Overlord  
  13  0:17  Drone  
  14  0:30  Drone x2  
  14  0:35  Drone  
  17  0:46  Spawning Pool  
  16  0:50  Drone  
  17  1:16  Drone  
  18  1:19  Hatchery  
  18  1:21  Extractor, Drone  
  16  1:33  Queen  
  16  1:35  Drone  
  19  1:42  Overlord  
  19  1:46  Drone  
  20  1:52  Drone  
  21  2:09  Zergling x2  
  21  2:11  Queen  
  21  2:14  Overlord  
  24  2:40  Drone  
  24  2:41  Drone  
  24  2:43  Drone x5  
  31  2:49  Roach Warren  
  31  2:50  Extractor  
  29  3:04  Drone x4  
  33  3:06  Metabolic Boost  
  33  3:38  Roach x5  
  43  3:45  Overlord  
  43  3:46  Overlord  
  43  3:49  Overlord  
  43  4:05  Roach x4  
  43  4:06  Roach  
  53  4:11  Ravager x2  
  53  4:16  Ravager  
  56  4:31  Hatchery  
  55  4:35  Lair  
  39  5:57  Spore Crawler  
  39  6:00  Spore Crawler  
  35  6:11  Spore Crawler  
  30  6:14  Spore Crawler  
  27  6:20  Roach x16  
  27  6:21  Roach x2  
  63  6:31  Drone x7  
  70  6:44  Spire  
  69  6:53  Ravager  
  70  7:05  Ravager  
  61  7:50  Zergling x30  
  61  7:51  Zergling x4  
  38  8:39  Mutalisk x5  
  44  8:48  Zergling x12  
  44  8:49  Zergling x6  
  52  9:10  Overseer  
  52  9:17  Zergling x2  
  52  9:18  Zergling x12  
  41  10:16  Zergling x8  
  41  10:17  Zergling x28  
  59  10:29  Extractor, Drone  
  59  10:30  Extractor  
  58  10:41  Mutalisk  
  58  10:42  Mutalisk x5  
  51  11:48  Zergling x34  
  51  11:49  Zergling x2  
Show
View Real Time Build Order
Export as new Build Order

Rezzes Terran 

Build Orders: Reaper Expand, Hellion Banshee 

Get SALT Encoding   

  12  0:01  SCV  
  13  0:16  Supply Depot  
  13  0:18  SCV  
  14  0:30  SCV  
  15  0:39  Barracks  
  15  0:43  Refinery  
  15  0:45  SCV  
  16  0:57  SCV  
  17  1:09  SCV  
  18  1:21  SCV  
  19  1:27  Supply Depot  
  19  1:28  Reaper  
  20  1:34  Orbital Command  
  20  1:43  Refinery  
  20  2:02  Command Center  
  20  2:11  SCV  
  20  2:12  Barracks Reactor  
  21  2:26  Factory  
  21  2:35  SCV  
  21  2:47  SCV  
  21  2:49  Marine, Supply Depot  
  23  2:55  Bunker  
  23  2:59  SCV  
  24  3:11  SCV  
  25  3:17  Starport  
  25  3:18  Orbital Command  
  25  3:22  Hellion  
  25  3:23  Barracks Tech Lab  
  27  3:30  Hellion  
  27  3:31  SCV  
  30  3:43  SCV  
  30  3:48  Hellion  
  33  3:55  SCV  
  34  4:07  SCV  
  35  4:11  Barracks Reactor  
  35  4:15  Banshee, Hellion x2  
  35  4:16  Cloaking Field  
  42  4:17  Supply Depot  
  42  4:23  SCV  
  43  4:31  Supply Depot  
  43  4:35  SCV  
  43  4:36  SCV, Hellion  
  47  4:41  Supply Depot  
  47  4:54  SCV x2  
  47  4:58  Banshee  
  46  5:11  Hellion x2  
  46  5:12  Marine  
  39  5:15  SCV  
  37  5:26  SCV  
  37  5:27  SCV  
  37  5:28  Marine  
  39  5:30  Marine  
  39  5:35  Hellion x2  
  39  5:46  Marine  
  39  5:48  Marine  
  39  5:49  SCV  
  37  5:50  SCV  
  38  6:02  SCV  
  38  6:03  Widow Mine x2  
  35  6:06  Banshee  
  35  6:07  Marine x2  
  39  6:17  SCV x2  
  41  6:18  Supply Depot  
  41  6:25  Marine x2  
  42  6:29  SCV  
  44  6:34  Barracks  
  44  6:36  Barracks  
  44  6:38  Bunker  
  44  6:39  Refinery, SCV  
  45  6:41  SCV  
  45  6:45  Supply Depot  
  43  6:48  Banshee  
  43  6:51  SCV  
  43  6:53  SCV  
  48  7:03  SCV  
  48  7:05  SCV  
  48  7:07  Engineering Bay  
  50  7:10  Marine x2  
  52  7:19  Hellion x2  
  47  7:31  Marine x2, Barracks Tech Lab  
  47  7:33  Barracks Tech Lab  
  51  7:44  Hellion  
  54  7:53  SCV x2  
  54  7:56  Marauder x2  
  54  7:57  Stimpack  
  51  7:58  Barracks  
  51  8:01  Barracks  
  43  8:13  Marine x2  
  43  8:16  Command Center  
  45  8:24  Marauder  
  45  8:32  SCV  
  46  8:34  SCV  
  46  8:35  Widow Mine  
  46  8:36  Marauder  
  46  8:37  Widow Mine  
  39  8:44  SCV  
  34  8:48  Marine, Marauder  
  34  8:49  Marine, Starport  
  36  8:58  Marauder  
  38  9:06  Marine  
  38  9:07  SCV x2  
  43  9:10  Marauder, Barracks Tech Lab  
  43  9:12  Barracks Tech Lab  
  43  9:20  SCV x2  
  45  9:31  Marauder x2  
  49  9:32  SCV  
  49  9:35  SCV  
  49  9:37  SCV  
  54  9:41  Widow Mine  
  54  9:44  SCV  
  55  9:48  Marine x4  
  58  9:57  Marine x2  
  58  9:59  Widow Mine  
  48  10:09  Widow Mine  
  44  10:18  Orbital Command  
  44  10:24  SCV x2  
  44  10:25  Marine x4  
  50  10:29  Combat Shield  
  50  10:36  SCV  
  50  10:38  SCV  
  52  10:47  SCV  
  52  10:48  SCV  
  54  10:51  SCV  
  54  10:53  Marine x3  
  34  10:59  SCV  
  34  11:00  Marine x2  
  22  11:12  SCV  
  22  11:15  Marine  
  24  11:24  SCV  
  17  11:31  Marine x5  
  16  11:45  Marine  
  13  11:49  Marine x2  
  15  11:57  Widow Mine  
  13  12:04  SCV x2  
  13  12:07  Marine  
Tags
 
Add a new tag
Caveats
  • Supply blocks, unpowered buildings, or Contaminate may cause inaccurate times.
  • Supply counts are checked every 10 seconds.